 Dungeon Crawl Stone Soup version 0.28.0-53-g5a82cb258f (webtiles) character file.

Game seed: 17685329470026781006

4 Gabide the Bolt Thrower (level 1, 0/17 HPs)
             Began as a Barachi Hunter on June 18, 2022.
             Slain by an endoplasm (3 damage)
             ... on level 1 of the Dungeon.
             The game lasted 00:00:27 (69 turns).

Gabide the Bolt Thrower (Barachi Hunter)              Turns: 69, Time: 00:00:29

Health: 0/17       AC:  3    Str: 13    XL:     1   Next: 60%
Magic:  1/1        EV: 11    Int: 11    God:
Gold:   0          SH:  0    Dex: 12    Spells: 0/0 levels left

rFire   . . .      SeeInvis .   a - +1 hand crossbow
rCold   . . .      Faith    .   (no shield)
rNeg    . . .      Spirit   .   c - +0 leather armour
rPois   .          Reflect  .   (no helmet)
rElec   .          Harm     .   (no cloak)
rCorr   .          Rampage  .   (no gloves)
Will    .....                   (no boots)
Stlth   +.........              (no amulet)
HPRegen 0.05/turn               (no ring)
MPRegen 0.07/turn               (no ring)

@: unable to hop, slow
A: amphibious, slowness 1, strong legs 1, +LOS
a: Hop


You were on level 1 of the Dungeon.
You visited 1 branch of the dungeon, and saw 1 of its levels.

Inventory:

Hand Weapons
 a - a +1 hand crossbow (weapon)
 b - a +0 short sword
Missiles
 d - 15 bolts (quivered ammo)
Armour
 c - a +0 leather armour (worn)


   Skills:
 + Level 2.7 Fighting
 + Level 4.1 Crossbows
 - Level 2.1 Dodging
 - Level 0.8 Stealth


You couldn't memorise any spells.
You didn't know any spells.
Your spell library was empty.

Dungeon Overview and Level Annotations

Branches:
Dungeon (1/15)

Altars:


Innate Abilities, Weirdness & Mutations

You are amphibious.
You cover ground slowly.
You can hop short distances.
You have an extended range of vision and can be seen from far away.


Message History

You are too injured to fight recklessly!
You are too injured to fight recklessly!
You are too injured to fight recklessly!
You are too injured to fight recklessly!
You are too injured to fight recklessly!
You are too injured to fight recklessly!
You are too injured to fight recklessly!
The endoplasm freezes you.
You are frozen.
* * * LOW HITPOINT WARNING * * *
Hop to where?
Press: ? - help, Dir - move target Floosh!
Boing!
a - a +1 hand crossbow (weapon)
Fire: 20 bolts
Press: ? - help, Q - select action, (/) - cycle Shift-Dir - straight line, f - endoplasm
Aim: an endoplasm (moderately wounded, 87% to hit)
You shoot a bolt. The bolt barely misses the endoplasm.
Fire: 19 bolts
Press: ? - help, Q - select action, (/) - cycle Shift-Dir - straight line, f/p - endoplasm
Aim: an endoplasm (moderately wounded, 87% to hit)
You shoot a bolt.
The bolt completely misses the endoplasm.
Fire: 18 bolts
Press: ? - help, Q - select action, (/) - cycle Shift-Dir - straight line, f/p - endoplasm
Aim: an endoplasm (moderately wounded, 87% to hit)
You shoot a bolt. The bolt hits the endoplasm.
The endoplasm is heavily wounded.
Fire: 17 bolts
Press: ? - help, Q - select action, (/) - cycle Shift-Dir - straight line, f/p - endoplasm
Aim: an endoplasm (heavily wounded, 87% to hit)
You shoot a bolt. The bolt barely misses the endoplasm.
Fire: 16 bolts
Press: ? - help, Q - select action, (/) - cycle Shift-Dir - straight line, f/p - endoplasm
Aim: an endoplasm (heavily wounded, 87% to hit)
You shoot a bolt. The bolt hits the endoplasm.
You kill the endoplasm!
The endoplasm hits you.
You die...

...... #.....# ##......
#....... ##################
+....... #...≈≈≈≈...#.....#
#.......###..........#..<..#
.........8#((.(@≈....#.....#
........).)...J......#####'#
#####(..'..........'.♣♣#.#
#...'..........#♣.♣#.#
##.8#....≈≈....#♣.♣#.#
####......(...#♣♣.'.#
#...≈≈≈≈...# ♣♣#♣#
############


You could see an endoplasm.

Vanquished Creatures
  2 endoplasms (D:1)
  A goblin (D:1)
  A bat (D:1)
  A kobold (D:1)
5 creatures vanquished.

Notes
Turn   | Place    | Note
-------+----------+-------------------------------------------
     0 | D:1      | Gabide the Barachi Hunter began the quest for the Orb.
     0 | D:1      | Reached XP level 1. HP: 17/17 MP: 1/1
    69 | D:1      | Slain by an endoplasm

Illustrated notes

Levels and vault maps discovered:
D:1:      scummos_arrival_gate, layout_basic, dreamdust_ecumenical_altar_statues

Action                   || total
-------------------------++-------
Melee: Short sword       ||    15
       Punch             ||     1
 Fire: Hand crossbow     ||     5
 Abil: Hop               ||     1
Armor: Leather armour    ||     7
Dodge: Dodged            ||    12
